 Dungeon Crawl Stone Soup version 0.21.1-1-g345015f (webtiles) character file.

33 inc the Chiller (level 3, 14/14 HPs)
             Began as a Felid Ice Elementalist on Mar 4, 2018.
             Quit the game on level 3 of the Dungeon.
             The game lasted 00:04:31 (2444 turns).

inc the Chiller (Felid Ice Elementalist)            Turns: 2444, Time: 00:04:31

Health: 14/14      AC:  1    Str:  4    XL:     3   Next: 12%
Magic:  7/7        EV: 18    Int: 17    God:
Gold:   119        SH:  0    Dex: 16    Spells: 5/6 levels left
                                        Lives:  0   Deaths: 1

rFire    . . .     SeeInvis +   (weapon unavailable)
rCold    . . .     Gourm    .   (shield unavailable)
rNeg     . . .     Faith    .   (armour unavailable)
rPois    .         Spirit   .   (helmet unavailable)
rElec    .         Reflect  .   (cloak unavailable)
rCorr    .         Harm     .   (gloves unavailable)
MR       .....                  (boots unavailable)
Stlth    +++.......             (no amulet)
HPRegen  0.04/turn              (no ring)
MPRegen  0.10/turn              (no ring)

@: quick
A: very small, no armour, no weapons or thrown items, stealth, claws 1, fangs 3,
see invisible, carnivore, speed 1, shaggy fur 1, slow metabolism 1, sharp paws
a: no special abilities


You were on level 3 of the Dungeon.
You were not hungry.

You visited 1 branch of the dungeon, and saw 3 of its levels.

You collected 119 gold pieces.

Inventory:

Jewellery
 f - an uncursed ring of wizardry {unknown}
 g - an uncursed ring of wizardry {unknown}
Wands
 l - a wand of digging (11)
Scrolls
 c - 3 scrolls of remove curse {unknown}
 d - a scroll of noise {unknown}
 h - 4 scrolls of identify {unknown}
 m - a scroll of fear {unknown}
Potions
 e - 2 potions of might {unknown}
 i - 2 potions of curing {unknown}
 j - a potion of resistance {unknown}
 k - a potion of lignification {unknown}
 n - 2 potions of flight {unknown}
 o - 2 potions of haste {unknown}
Books
 a - a book of Frost

   Spells                             Type                      Level
   a - Freeze                         Ice                          1
   b - Throw Frost                    Conjuration/Ice              2
   c - Ozocubu's Armour               Charms/Ice                   3
   d - Throw Icicle                   Conjuration/Ice              4
   e - Summon Ice Beast               Ice/Summoning                4
Comestibles
 b - 7 rations


   Skills:
 - Level 2.9 Dodging
 - Level 2.8 Stealth
 - Level 2.1 Spellcasting
   Level 0.8 Conjurations
 + Level 4.4 Ice Magic


You had 5 spell levels left.
You knew the following spells:

 Your Spells              Type           Power        Failure   Level  Hunger
a - Freeze                Ice            ###.         3%          1    #......


Dungeon Overview and Level Annotations

Branches:
Dungeon (3/15)

Altars:
Ru


Innate Abilities, Weirdness & Mutations

You cannot wear armour.
You are incapable of wielding weapons or throwing items.
Your paws allow you to move quietly. (Stealth)
You have sharp claws.
You have razor-sharp teeth.
You have supernaturally acute eyesight. (SInv)
You are carnivorous and can eat meat at any time.
You cover ground quickly.
You are covered in fur. (AC +1)
You have a slow metabolism.
Your sharp claws are effective at attacking unaware monsters.


Message History

You freeze the orc.
You kill the orc!
An orc wizard is nearby!
A kobold comes into view. It is wielding a dagger.
The orc wizard casts a spell at you. The puff of flame hits you!
The orc priest begins to cast a cantrip, but forgets the words!
The kobold moves out of view.
Items here: )) [ † a whip; a hand axe of chopping; a ring mail; an orc corpse
Things that are here:
a hand axe; a leather armour; an orc corpse An adder comes into view.
The orc wizard casts a spell at you. The puff of flame hits you!
Ouch! That really hurt!
You die...
You are now level 3!
You rejoin the land of the living...
Are you sure you want to abandon this character and quit the game? (Confirm with "yes".)

### ..# #.#
###.######.
#..@.......
###.######.
#.. #### #


There were no monsters in sight!

Vanquished Creatures
  2 adders
  An ooze (D:1)
  A leopard gecko (D:2)
  3 orcs (D:3)
  5 bats
  2 giant cockroaches (D:2)
  9 hobgoblins
  3 jackals (D:2)
  A quokka (D:2)
  2 ball pythons
  3 frilled lizards
  8 goblins
  3 kobolds
  4 rats
47 creatures vanquished.

Notes
Turn   | Place    | Note
-------+----------+-------------------------------------------
     0 | D:1      | inc the Felid Ice Elementalist began the quest for the Orb.
     0 | D:1      | Reached XP level 1. HP: 7/7 MP: 4/4
   433 | D:1      | Reached skill level 3 in Ice Magic
   433 | D:1      | Reached XP level 2. HP: 11/11 MP: 4/6
   988 | D:2      | Found a sacrificial altar of Ru.
  1083 | D:2      | Reached XP level 3. HP: 9/14 MP: 5/7
  1687 | D:2      | Reached skill level 4 in Ice Magic
  2329 | D:3      | Reached XP level 4. HP: 13/18 MP: 5/8
  2443 | D:3      | Killed from afar by an orc wizard
  2444 | D:3      | Reached XP level 3. HP: -1/14 MP: 4/7
  2444 | D:3      | Quit the game

Skill      XL: |  1  2  3 |
---------------+----------+-----
Ice Magic      | 3 4 |  4.4
Dodging        | |  2.9
Stealth        | |  2.8
Spellcasting   | |  2.1
Conjurations   | |  0.8

Action                   |  1- 3 |  4- 6 || total
-------------------------+-------+-------++-------
Melee: Unarmed           |    25 |       ||    25
       Bite              |     1 |       ||     1
 Cast: Freeze            |    51 |     7 ||    58
 Stab: Sleeping          |    12 |       ||    12
  Eat: Chunk             |     9 |       ||     9
Armor: Skin              |     2 |       ||     2
Dodge: Dodged            |    50 |     2 ||    52
